 Dungeon Crawl Stone Soup version 0.29-a0-88-g03a7b78be7 (webtiles) character file.

Game seed: 2182939549107115175

37 enile the Shield-Bearer (level 3, 0/26 HPs)
             Began as a Demonspawn Wanderer on Feb 6, 2022.
             Was a Follower of Hepliaklqana.
             Slain by an orc (3 damage)
             ... on level 1 of the Dungeon.
             The game lasted 00:02:01 (880 turns).

enile the Shield-Bearer (Demonspawn Wanderer)        Turns: 880, Time: 00:02:02

Health: 0/26       AC:  2    Str: 13    XL:     3   Next: 21%
Magic:  4/4        EV: 10    Int: 16    God:    Hepliaklqana [*.....]
Gold:   72         SH:  4    Dex: 10    Spells: 4/4 levels left

rFire   . . .      SeeInvis .   d - +0 short sword (venom)
rCold   . . .      Faith    .   c - +0 buckler
rNeg    . . .      Spirit   .   b - +0 robe
rPois   .          Reflect  .   (no helmet)
rElec   .          Harm     .   (no cloak)
rCorr   .          Rampage  .   (no gloves)
Will    .....                   (no boots)
Stlth   +.........              (no amulet)
HPRegen 0.08/turn               (no ring)
MPRegen 0.09/turn               (no ring)

@: no status effects
A: reduced essence, demonic guardian 1, weakness stinger 1
a: Renounce Religion, Recall Ancestor, Ancestor Identity


You were on level 1 of the Dungeon.
You worshipped Hepliaklqana.
Hepliaklqana was aware of your devotion.
You visited 1 branch of the dungeon, and saw 2 of its levels.

You collected 72 gold pieces.

Inventory:

Hand Weapons
 a - a +0 club
 d - a +0 short sword of venom (weapon)
Armour
 b - a +0 robe (worn)
 c - a +0 buckler (worn)
Scrolls
 e - a scroll of enchant weapon {unknown}
 f - a scroll of magic mapping {unknown}
 g - a scroll of vulnerability {unknown}


   Skills:
 - Level 3.0 Fighting
 + Level 3.3 Shields
 - Level 1.0 Spellcasting
 - Level 1.0 Summonings
 - Level 3.2 Necromancy


You had 4 spell levels left.
You didn't know any spells.
Your spell library contained the following spells:

 Spells                   Type           Power      Damage    Failure   Level
 Animate Skeleton         Necr           22%        N/A       8%          1
 Pain                     Necr           44%        1d6       8%          1
 Summon Small Mammal      Summ           16%        N/A       21%         1
 Call Canine Familiar     Summ           4%         N/A       52%         3
 Dispel Undead            Necr           11%        3d9       61%         4


Dungeon Overview and Level Annotations

Branches:
Dungeon (2/15)

Altars:
Hepliaklqana

Annotations:
D:2 Terence


Innate Abilities, Weirdness & Mutations

Your life essence is reduced to manifest your ancestor. (-10% HP)
A weak demonic guardian rushes to your aid.
You have a small tail.


Message History

The orc hits you with a +0 club. The orc hits you but does no damage.
You kill the orc wizard!
Training target 3.0 for Fighting reached!
Your Fighting skill increases to level 3!
You need to enable at least one skill for training.
Your Shields skill increases to level 3!
You have reached level 3!
Your experience leads to an increase in your attributes!
Increase (S)trength, (I)ntelligence, or (D)exterity?
You feel stronger. x2; Your demonic ancestry asserts itself...
You feel the presence of a demonic guardian.
Septimus remembers more of his old skill.
There is a stone staircase leading up here.
Unknown command.
You hit the orc but do no damage.
The orc is poisoned.
The orc barely misses you. The orc hits you with a +0 club.
Unknown command.
Unknown command.
You block the orc's attack. The orc hits you with a +0 club.
* * * LOW HITPOINT WARNING * * *
You climb upwards.
There is a stone staircase leading down here.
You can't go up here!
You can't go up here!
You can't go up here!
Unknown command.
Welcome back, enile the Demonspawn Wanderer.
Hepliaklqana says: Your past becomes your present!
Press ? for a list of commands and other information.
Welcome back, enile the Demonspawn Wanderer.
Hepliaklqana says: Your past becomes your present!
Press ? for a list of commands and other information.
You barely miss the orc. You tail-slap the orc.
The orc is heavily wounded.
The orc hits you with a +0 short sword.
* * * LOW HITPOINT WARNING * * *
A demonic guardian appears!
Septimus barely misses the orc.
The orc hits you with a +0 club.
You die...

##.# ##.#......#...≈ ######## #.#
#..#..#.####.≈≈ .......# #.#
#.#..#..#..#.≈≈ .......# #.###
#.......#..'.§#
.......#####...####......≈#⌠#####
.........#.#....#.......≈≈### #
..........÷.....#....#.≈§≈#######
.......#.##.##.##...(..≈≈###.....
.........#...#.o@o..≈...≈##......
....>..#......5.#R..#...##....#.#
.........#...#..#.....#....####.#
########.##.##...........### #.#
#............####### #.#
#.........#.## #.# ###..##)###.#
#.# #..##...^.# #.# ###....#####
#.#


You could see the friendly Septimus the ancestor, 2 orcs and a friendly shadow
imp (summoned).

Vanquished Creatures
  An orc wizard (D:2)
  A bat (D:1)
  An endoplasm (D:1)
  A giant cockroach (D:1)
  A hobgoblin (D:1)
  3 ball pythons (D:1)
  A frilled lizard (D:1)
  2 goblins (D:1)
  2 rats (D:1)
13 creatures vanquished.

Notes
Turn   | Place    | Note
-------+----------+-------------------------------------------
     0 | D:1      | enile the Demonspawn Wanderer began the quest for the Orb.
     0 | D:1      | enile set off with the following items: a +0 club, a +0
                  | robe, a +0 buckler; and the following spells available to
                  | memorise: Animate Skeleton, Pain, Summon Small Mammal, Call
                  | Canine Familiar, Dispel Undead
     0 | D:1      | Reached XP level 1. HP: 16/16 MP: 2/2
    46 | D:1      | Found a faded altar of an unknown god.
   494 | D:1      | Gained mutation: You have a small tail. [demonic ancestry]
   494 | D:1      | Reached XP level 2. HP: 23/23 MP: 3/3
   829 | D:1      | Prayed at the altar of an unknown god.
   829 | D:1      | Became a worshipper of Hepliaklqana the Forgotten
   829 | D:1      | Reached * piety under Hepliaklqana
   871 | D:2      | Noticed Terence
   875 | D:2      | Gained mutation: A weak demonic guardian rushes to your
                  | aid. [demonic ancestry]
   875 | D:2      | Reached XP level 3. HP: 11/26 MP: 4/4
   880 | D:1      | Slain by an orc

Illustrated notes

Levels and vault maps discovered:
D:1:      denvon_arrival_hothouse, layout_rooms,
          chequers_ecumenical_altar_simple, grunt_decor_mini_mirrors,
          minmay_tromino_v4_b
D:2:      layout_basic, uniq_natasha, uniq_terence, uniq_sigmund, uniq_robin

Skill      XL: |  1  2 |
---------------+-------+-----
Fighting       | 3 |  3.0
Shields        | 3 |  3.3
Spellcasting   | |  1.0
Summonings     | |  1.0
Necromancy     | |  3.2

Action                   || total
-------------------------++-------
Melee: Short sword       ||    27
       Tailslap          ||     1
 Stab: Sleeping          ||     2
Armor: Robe              ||    10
Dodge: Dodged            ||    12
Block: Buckler           ||     9

Table legend: (Time is in decaauts)
 A = Elapsed time spent in this place.
 B = Non-inter-level travel time spent in this place.
 C = Inter-level travel time spent in this place.
 D = Time resting spent in this place.
 E = Time spent auto-exploring this place.
 F = Levels seen in this place.
 G = Mean time per level.
                   A        B        C        D        E       F      G
               +--------+--------+--------+--------+--------+-----+--------+
         Total |    883 |    850 |     33 |      0 |    739 |   2 |  441.5 |
       Dungeon |    883 |    850 |     33 |      0 |    739 |   2 |  441.5 |
               +--------+--------+--------+--------+--------+-----+--------+

Top non-repeatable levels by time:
     D:1: 867 daAuts
     D:2: 16 daAuts
